 Dungeon Crawl Stone Soup version 0.19-a0-1021-g80cc50c (webtiles) character file.

100 GordonOverkill the Poker (level 4, 0/33 HPs)
             Began as a Merfolk Skald on July 27, 2016.
             Killed from afar by Natasha (6 damage)
             ... with a magic dart
             ... on level 2 of the Dungeon.
             The game lasted 00:03:34 (1856 turns).

GordonOverkill the Poker (Merfolk Skald)            Turns: 1856, Time: 00:03:35

Health: 0/33       AC:  7    Str: 13    XL:     4   Next: 74%
Magic:  7/7        EV:  9    Int: 11    God:
Gold:   95         SH:  4    Dex: 13    Spells: 1 memorised, 6 levels left

rFire  . . .     SeeInvis .     a - +0 spear
rCold  . . .     Gourm    .     i - +0 scale mail
rNeg   . . .     Faith    .     (no shield)
rPois  .         Spirit   .     g - +0 helmet
rElec  .         Dismiss  .     (no cloak)
rCorr  .         Reflect  +     (no gloves)
SustAt .         Harm     .     (no boots)
MR     .....                    r - +4 amulet of reflection
Stlth  ..........               (no ring)
                                (no ring)

@: slowed, very slow, not resistant to hostile enchantments, extremely
unstealthy
A: change form in water, swift swim
a: no special abilities


You were on level 2 of the Dungeon.
You were not hungry.

You visited 1 branch of the dungeon, and saw 2 of its levels.

You collected 95 gold pieces.

Inventory:

Hand Weapons
 a - a +0 spear (weapon)
Armour
 b - a +0 leather armour
 g - a +0 helmet (worn)
 i - a +0 scale mail (worn)
Jewellery
 r - a +4 amulet of reflection (around neck)
Scrolls
 e - a scroll of random uselessness {unknown}
 f - a scroll of fear {unknown}
 k - a scroll of recharging {unknown}
 o - a scroll of amnesia {unknown}
Potions
 j - a potion of flight {unknown}
 l - 2 potions of curing {unknown}
 m - a potion of lignification {unknown}
 n - 2 potions of haste {unknown}
 q - a potion of agility {unknown}
Books
 c - a book of Battle

   Spells                             Type                      Level
   a - Infusion                       Charms                       1
   b - Shroud of Golubria             Charms/Translocation         2
   c - Song of Slaying                Charms                       2
   d - Spectral Weapon                Hexes/Charms                 3
   e - Regeneration                   Charms/Necromancy            3
Comestibles
 d - 2 bread rations
 h - 5 chunks of flesh
 p - 3 fruits


   Skills:
 - Level 2.1 Fighting
 + Level 7.0 Polearms
 - Level 0.6 Armour
 - Level 1.3 Dodging
 - Level 2.0 Spellcasting
 - Level 3.2 Charms


You had 6 spell levels left.
You knew the following spells:

 Your Spells              Type           Power        Failure   Level  Hunger
a - Infusion              Chrm           #...         38%         1    ##.....


Dungeon Overview and Level Annotations

Branches:
Dungeon (2/15)

Altars:
Kikubaaqudgha

Annotations:
D:2 Natasha


Message History

Natasha is moderately wounded.
Natasha stares at you and mumbles some strange words.
The magic dart hits you! The rat bites you.
You hit Natasha.
Natasha is heavily wounded.
Natasha claws you but does no damage. The rat bites you.
Natasha stares at you and mumbles some strange words.
The magic dart hits you!
* * * LOW HITPOINT WARNING * * *
You are too injured to fight recklessly!
You are too injured to fight recklessly!
You are too injured to fight recklessly!
You are too injured to fight recklessly!
Unknown command.
You closely miss Natasha.
Natasha is heavily wounded.
The rat barely misses you.
Natasha stares at you and mumbles some strange words.
The magic dart hits you!
You die...

##### ....# ..... ####
##... ##### ....##...< #
#.... ._≈....⌠.#.# #.
#.### ...≈.....#[# #. ..
...≈.≈≈..#.# #. ###
#..≈≈≈hr...# #.#+## ##
##..≈≈≈≈@...####....# #.
.#..≈≈≈≈≈..#.........# ##
...⌠.≈.≈...'.........#####
##........##..............
#.........##.....##'#.####
#..........'.....##.#<####
#.......#..#.....##.####..
#.......#....#'####....#.#
#.......##.#.#.####.##.#.#


You could see Natasha and a rat.

Vanquished Creatures
  2 adders (D:2)
  4 gnolls (D:2)
  A worm (D:2)
  2 giant geckos (D:1)
  A ball python (D:1)
  8 goblins
  6 hobgoblins
  2 kobolds (D:1)
  4 bats
  4 giant newts
  8 rats
42 creatures vanquished.

Notes
Turn   | Place    | Note
-------+----------+-------------------------------------------
     0 | D:1      | GordonOverkill the Merfolk Skald began the quest for the Orb.
     0 | D:1      | Reached XP level 1. HP: 16/16 MP: 3/3
   330 | D:1      | Reached skill level 4 in Polearms
   330 | D:1      | Reached XP level 2. HP: 22/22 MP: 5/5
   724 | D:1      | Reached skill level 5 in Polearms
   724 | D:1      | Reached XP level 3. HP: 27/27 MP: 6/6
  1369 | D:2      | Reached skill level 6 in Polearms
  1376 | D:2      | Reached XP level 4. HP: 15/33 MP: 7/7
  1841 | D:2      | Found an ancient bone altar of Kikubaaqudgha.
  1842 | D:2      | Noticed Natasha
  1845 | D:2      | Reached skill level 7 in Polearms
  1856 | D:2      | Killed from afar by Natasha

Vault maps used:
D:1:      minmay_arrival_wavy_path
D:2:      kiku_gazebo_pond_becter, uniq_natasha

Skill      XL: |  1  2  3  4 |
---------------+-------------+-----
Polearms       | 4 5 6 7 |  7.0
Fighting       | |  2.1
Armour         | |  0.6
Dodging        | |  1.3
Spellcasting   | |  2.0
Charms         | |  3.2

Action                   |  1- 3 |  4- 6 || total
-------------------------+-------+-------++-------
Melee: Spear             |   146 |    66 ||   212
 Cast: Infusion          |     1 |       ||     1
  Eat: Chunk             |     2 |     1 ||     3
Armor: Scale mail        |    39 |    11 ||    50
       Leather armour    |     2 |       ||     2
Dodge: Dodged            |    36 |    24 ||    60
Block: Other             |       |     3 ||     3
